 Dungeon Crawl Stone Soup version 0.30-a0-782-ge64f9170bb (webtiles) character file.

Game seed: 18339461059542332811

152 mopl the Vexing (level 5, -5/28 HPs)
             Began as a Deep Elf Enchanter on Mar 10, 2023.
             Slain by a gnoll
             ... wielding a +0 flail
              (11 damage)
             ... on level 3 of the Dungeon.
             The game lasted 00:03:31 (2101 turns).

mopl the Vexing (Deep Elf Enchanter)                Turns: 2101, Time: 00:03:31

Health: -5/28      AC:  5    Str:  5      XL:     5   Next: 11%
Magic:  0/13       EV: 12    Int: 22      God:
Gold:   120        SH:  0    Dex: 14 (15) Spells: 1/12 levels left

rFire   . . .      SeeInvis .    a - +1 dagger
rCold   . . .      Faith    +    (no shield)
rNeg    + . .      Spirit   .    b - +0 robe
rPois   .          Reflect  .    (no helmet)
rElec   .          Harm     .    (no cloak)
rCorr   .          Rampage  .    j - +2 pair of gloves {infuse}
Will    .....                    (no boots)
Stlth   +++                      s - amulet of faith {!P}
HPRegen 0.24/turn                i - ring of wizardry
MPRegen 0.13/turn                l - ring of positive energy

@: no status effects
A: no striking features
a: no special abilities


You were on level 3 of the Dungeon.
You visited 1 branch of the dungeon, and saw 3 of its levels.

You collected 120 gold pieces.

Inventory:

Hand Weapons
 a - a +1 dagger (weapon)
Missiles
 f - 5 javelins
 n - 9 poisoned darts
 r - 5 boomerangs
Armour
 b - a +0 robe (worn)
 j - a +2 pair of gloves of infusion (worn)
Jewellery
 i - a ring of wizardry (left hand)
 l - a ring of positive energy (right hand)
 s - an amulet of faith (around neck) {!P}
Scrolls
 d - a scroll of teleportation {unknown}
 e - 3 scrolls of identify {unknown}
 g - a scroll of enchant armour {unknown}
 k - a scroll of vulnerability {unknown}
 p - a scroll of silence {unknown}
Potions
 c - 2 potions of invisibility
 h - 3 potions of mutation {unknown}
 m - a potion of flight {unknown}
 o - 2 potions of might {unknown}
 q - a potion of berserk rage {!q}


   Skills:
 + Level 2.5 Short Blades
 - Level 2.4 Dodging
 + Level 4.8 Stealth
 + Level 4.4 Spellcasting
 + Level 5.2 Hexes


You had one spell level left.
You knew the following spells:

 Your Spells              Type           Power      Damage    Failure   Level
a - Dazzling Flash        Conj/Hex       32%        N/A       4%          3
b - Ensorcelled Hibernat  Hex/Ice        32%        N/A       2%          2
c - Confusing Touch       Hex            27%        N/A       1%          3
d - Tukima's Dance        Hex            27%        N/A       1%          3

Your spell library contained the following spells:

 Spells                   Type           Power      Damage    Failure   Level


Dungeon Overview and Level Annotations

Branches:
Dungeon (3/15)

Altars:


Message History

Aiming: Tukima's Dance (safe; 1% risk of failure)
Press: ? - help, Shift-Dir - straight line, f - gnoll
Aim: a gnoll, wielding a +0 spear (wandering, hasn't noticed you, chance to affect: 67%)
The gnoll shouts!
The +0 spear dances into the air!
The gnoll shouts!
The dart slug briefly extends its eye-stalks.
Casting: Tukima's Dance (safe; 1% risk of failure)
Confirm with . or Enter, or press ? or * to list all spells.
Aiming: Tukima's Dance (safe; 1% risk of failure)
Press: ? - help, Shift-Dir - straight line, f - gnoll, p - gnoll
Aim: a gnoll, wielding a +0 flail (chance to affect: 67%)
The gnoll struggles to resist.
The gnoll attacks as you move away! The gnoll hits you.
The gnoll attacks as you move away! The gnoll hits you with a +0 flail.
The gnoll attacks as you move away! The gnoll hits you.
You barely miss the gnoll. You hit the gnoll.
The gnoll is lightly wounded.
The gnoll hits you. The gnoll hits you with a +0 flail!
The dart slug briefly extends its eye-stalks.
You closely miss the gnoll.
The gnoll is lightly wounded.
The gnoll hits you but does no damage. The gnoll closely misses you.
You puncture the gnoll!
The gnoll is severely wounded.
Your +0 spear hits the gnoll from afar.
You hit the gnoll but do no damage.
Your +0 spear hits the gnoll.
The gnoll dies!
The gnoll hits you with a +0 flail.
* * * LOW HITPOINT WARNING * * *
The dart slug briefly extends its eye-stalks.
The dart slug bites your +0 spear but does no damage.
You closely miss the gnoll.
Your +0 spear hits the dart slug!
The gnoll barely misses you.
You barely miss the gnoll.
The dart slug bites your +0 spear.
You closely miss the gnoll. The gnoll completely misses you.
Your +0 spear hits the dart slug.
You closely miss the gnoll. The gnoll hits you with a +0 flail!
You die...

...............#
.........>.....#
..<...........#
.# ....#).....##
..# #
##.......#####..#
#.w#####.........
#(## #.........
#.## #.......##
#@g### #.......#
##...# #.......#
###.###.......#
#..##.......#
##..).......#
####.......#
##.#)######
#.#.......
#.########


You could see a gnoll, a dart slug (ally target) and a friendly +0 spear.

Vanquished Creatures
  Jessica (D:3)
  2 gnolls (D:3)
  2 adders (D:2)
  An ufetubus (D:3)
  A worm (D:2)
  3 dart slugs
  6 orcs (D:3)
  6 bats
  7 endoplasms
  2 giant cockroaches (D:1)
  2 goblins
  5 hobgoblins
  3 quokkas
  6 ball pythons
  3 frilled lizards (D:1)
  5 kobolds
  7 rats
62 creatures vanquished.

Vanquished Creatures (collateral kills)
  A gnoll (D:3)
1 creature vanquished.

Grand Total: 63 creatures vanquished

Notes
Turn   | Place    | Note
-------+----------+-------------------------------------------
     0 | D:1      | mopl the Deep Elf Enchanter began the quest for the Orb.
     0 | D:1      | Reached XP level 1. HP: 10/10 MP: 6/6
   246 | D:1      | Reached XP level 2. HP: 4/15 MP: 8/8
   255 | D:1      | Learned a level 2 spell: Ensorcelled Hibernation
   496 | D:1      | Reached skill level 4 in Stealth
   902 | D:2      | Reached XP level 3. HP: 3/19 MP: 5/10
   975 | D:2      | Learned a level 3 spell: Tukima's Dance
   979 | D:2      | Learned a level 3 spell: Confusing Touch
  1452 | D:2      | Reached skill level 2 in Short Blades
  1533 | D:3      | Reached XP level 4. HP: 24/24 MP: 8/11
  1534 | D:3      | Reached skill level 4 in Spellcasting
  1538 | D:3      | Learned a level 3 spell: Dazzling Flash
  1590 | D:3      | Found a faded altar of an unknown god.
  1831 | D:3      | Noticed Jessica
  1842 | D:3      | Killed Jessica
  1843 | D:3      | Reached skill level 5 in Hexes
  1918 | D:3      | HP: 1/24 [gnoll/+0 flail (7)]
  1925 | D:3      | Reached XP level 5. HP: 3/28 MP: 0/13
  2101 | D:3      | Slain by a gnoll

Illustrated notes

Levels and vault maps discovered:
D:1:      dpeg_arrival_lava_temple_mockup, layout_basic, hangedman_decor_lopped,
          hex_intersection
D:2:      layout_basic
D:3:      layout_rooms, hellmonk_ecumenical_altar_zigzags, uniq_jessica

Skill      XL: |  1  2  3  4 |
---------------+-------------+-----
Stealth        | 4 |  4.8
Short Blades   | 2 |  2.5
Spellcasting   | 4 |  4.4
Hexes          | 5 |  5.2
Dodging        | |  2.4

Action                     |  1- 3 |  4- 6 || total
---------------------------+-------+-------++-------
  Melee: Dagger            |    95 |    48 ||   143
         Punch             |     1 |     1 ||     2
   Cast: Ensorcelled Hiber |     3 |    11 ||    14
         Tukima's Dance    |       |     2 ||     2
    Use: Potion            |     2 |       ||     2
   Stab: Sleeping          |    14 |    10 ||    24
         Distracted        |     2 |       ||     2
 Armour: Robe              |    22 |     6 ||    28
  Dodge: Dodged            |    59 |    27 ||    86

Table legend: (Time is in decaauts)
 A = Elapsed time spent in this place.
 B = Non-inter-level travel time spent in this place.
 C = Inter-level travel time spent in this place.
 D = Time resting spent in this place.
 E = Time spent auto-exploring this place.
 F = Levels seen in this place.
 G = Mean time per level.
                   A        B        C        D        E       F      G
               +--------+--------+--------+--------+--------+-----+--------+
         Total |   2100 |   2033 |     67 |    224 |   1290 |   3 |  700.0 |
       Dungeon |   2100 |   2033 |     67 |    224 |   1290 |   3 |  700.0 |
               +--------+--------+--------+--------+--------+-----+--------+

Top non-repeatable levels by time:
     D:1: 846 daAuts
     D:2: 685 daAuts
     D:3: 568 daAuts
